 Dungeon Crawl Stone Soup version 0.21-a0-348-ga060c75 (webtiles) character file.

255015 rjrrt the Executioner (level 19, -5/144 HPs)
             Began as a Minotaur Berserker on Oct 6, 2017.
             Was the Champion of Trog.
             Killed from afar by a fire giant (25 damage)
             ... with a bolt of fire
             ... on level 2 of the Depths on Oct 7, 2017.
             The game lasted 01:22:06 (39017 turns).

rjrrt the Executioner (Minotaur Berserker)         Turns: 39017, Time: 01:22:07

Health: -5/144     AC: 25    Str: 31    XL:     19   Next: 3%
Magic:  21/21      EV: 21    Int: 10    God:    Trog [******]
Gold:   1403       SH:  4    Dex: 16    Spells: 18/18 levels left

rFire    . . .     SeeInvis +   v - +4 battleaxe (vamp)
rCold    . . .     Gourm    +   (shield currently unavailable)
rNeg     . . .     Faith    .   p - +0 plate armour {rPois}
rPois    +         Spirit   .   (helmet unavailable)
rElec    .         Reflect  .   y - scarf {repulsion}
rCorr    .         Harm     .   m - +2 pair of gloves {Dex+3}
MR       +....                  U - +2 pair of boots {run}
Stlth    ..........             e - amulet of the gourmand
HPRegen  0.34/turn              F - ring "Ijyt" {rPois EV+6 Str+2 Int+4 SInv}
MPRegen  0.17/turn              w - +5 ring of protection

@: repel missiles, quick
A: retaliatory headbutt, horns 3, large bone plates 1, thin skeletal structure
1, clever 1, deformed body, frail 2, low mp 1, screaming 1, wild magic 1
}: 2/15 runes: decaying, serpentine
a: Berserk, Trog's Hand, Brothers in Arms, Burn Spellbooks, Renounce Religion


You were on level 2 of the Depths.
You worshipped Trog.
Trog was exalted by your worship.
You were full.

You visited 6 branches of the dungeon, and saw 33 of its levels.
You visited the Abyss 1 time.
You also visited: Labyrinth and Ice Cave.

You collected 2966 gold pieces.
You spent 1563 gold pieces at shops.

Inventory:

Hand Weapons
 a - a +9 antimagic executioner's axe
 f - a +1 war axe of flaming
 v - a +4 vampiric battleaxe (weapon)
Missiles
 G - 5 throwing nets (quivered)
Armour
 m - a +2 pair of gloves of dexterity (worn)
 p - a +0 plate armour of poison resistance (worn)
 y - a scarf of repulsion (worn)
 E - a +2 hat
 I - a scarf of cloud immunity
 U - a +2 pair of boots of running (worn)
Jewellery
 e - an amulet of the gourmand (around neck)
 l - an uncursed ring of protection from cold
 w - a +5 ring of protection (right hand)
 x - an uncursed ring of resist corrosion
 A - the ring "Lunol" {+Fly rPois Dex+4}
   (You found it in a labyrinth)

   [ring of flight]

   It affects your dexterity (+4).
   It protects you from poison.
   It lets you fly.
 F - the ring "Ijyt" (left hand) {rPois EV+6 Str+2 Int+4 SInv}
   (You bought it in a shop on level 2 of the Orcish Mines)

   [ring of evasion]

   It affects your evasion (+6).
   It affects your strength (+2).
   It affects your intelligence (+4).
   It protects you from poison.
   It lets you see invisible.
 L - the amulet "Zomisti" {Harm *Drain MR++}
   (You found it on level 2 of the Snake Pit)

   [amulet of harm]

   It increases damage dealt and taken.
   It affects your resistance to hostile enchantments.
   It causes draining when unequipped.
 O - a +5 amulet of reflection {unknown}
 S - the amulet of the Wary Blessings {Harm *Contam *Drain rPois rF++ Int+4}
   (You found it on level 4 of the Lair of Beasts)

   [amulet of harm]

   It increases damage dealt and taken.
   It affects your intelligence (+4).
   It greatly protects you from fire.
   It protects you from poison.
   It causes magical contamination when unequipped.
   It causes draining when unequipped.
Wands
 g - a wand of lightning (6/15)
 j - a wand of clouds (4/9)
 q - a wand of flame (24/48)
 B - a wand of confusion (40/48)
 H - a wand of polymorph (6/24)
 K - a wand of iceblast (9/15)
 M - a wand of digging (10/24)
 T - a wand of acid (4/15)
Scrolls
 h - 5 scrolls of recharging
 k - 14 scrolls of remove curse
 o - 11 scrolls of teleportation
 N - 2 scrolls of silence
 P - 7 scrolls of fear
 Q - 4 scrolls of fog
 R - 2 scrolls of summoning
Potions
 b - 4 potions of lignification
 i - 3 potions of flight
 n - 4 potions of might
 r - 5 potions of invisibility
 s - 7 potions of curing
 t - 4 potions of resistance
 u - 4 potions of haste
 z - 7 potions of mutation
 C - 2 potions of agility
 J - 5 potions of heal wounds
 Y - 3 potions of ambrosia
Comestibles
 c - 17 bread rations
 d - 18 meat rations


   Skills:
 + Level 18.3 Fighting
 * Level 25.2 Axes
 + Level 18.2 Armour
 + Level 10.7 Dodging
 + Level 8.5 Evocations


You had 18 spell levels left.
You didn't know any spells.

Dungeon Overview and Level Annotations

Branches:
Dungeon (15/15)            Temple (0/1) D:5            Lair (6/6) D:9
  Swamp (4/4) Lair:3        Snake (4/4) Lair:2        Slime (0/5) Lair:6
    Orc (2/2) D:10            Elf (0/3) Orc:2        Vaults (0/5) D:13
 Depths (2/5) D:15

Altars:
Kikubaaqudgha
Makhleb
Nemelex Xobeh
Ru
Vehumet
Yredelemnul
The Shining One
Jiyva

Shops:
D:11 *   Orc:1 =   Orc:2 =}[=   Depths:2 }

Portals:
Hell: Depths:1 Depths:2
Ziggurat: Depths:1

Annotations:
D:7 Prince Ribbit


Innate Abilities, Weirdness & Mutations

You reflexively headbutt those who attack you in melee.
You have a pair of large horns on your head.
You are partially covered in large bone plates. (SH +4)
You have a somewhat thin skeletal structure. (Dex +2, Stealth)
Your mind is acute. (Int +2)
Armour fits poorly on your strangely shaped body.
You are very frail. (-20% HP)
Your magical capacity is low. (-10% MP)
You occasionally shout uncontrollably at your foes.
Your spells are a little harder to cast, but a little more powerful.


Message History

The red devil completely resists.
The fireball engulfs you!
The red devil hops backward while attacking.
The red devil closely misses you.
You hear a shout!
The red devil closely misses you.
A frost giant comes into view. It is wielding a battleaxe of freezing.
Unknown command.
Unknown command.
The fire giant gestures at you while chanting.
The fireball explodes!
The fireball engulfs you!
* * * LOW HITPOINT WARNING * * *
The fireball engulfs the red devil.
The red devil completely resists.
You hear a shout!
Found 18 gold pieces.
The red devil hits you but does no damage.
Found a potion of berserk rage.
The red devil hits you but does no damage.
The fire giant points at you and mumbles some strange words.
The bolt of fire hits you!
You die...

.......###..####........§§§≈
.......# #..# ###.....§≈≈§≈
.......#.>..# ##.....≈≈§§
.......#.#### #.().≈≈h≈≈
.......#. ##....§≈h5.
##'##### ##.....§≈hh§ ##.#
##4....≈§§h∩. ...#
#......§≈≈... .######
#@..≈.≈≈§§§.. .......
#.....≈≈≈≈≈≈≈§§≈ .##....
###...C.....≈§§≈ .#.#...
#.........≈≈≈ ..# ..
#........$≈≈C .## #
+..........≈ .# #.!........
##### #......... <...#


You could see a fire giant and a red devil.

Vanquished Creatures
  2 tentacled starspawn (Abyss:3)
  4 thorn hunters
  Roxanne (Swamp:4)
  4 nagarajas (Snake:4)
  A fire giant (Depths:1)
  Aizul (Snake:2)
  A deep elf sorcerer (Abyss:3)
  7 very ugly things
  5 stone giants (Depths:1)
  2 spark wasps
  A blizzard demon (IceCv)
  An ettin (Depths:1)
  Josephine (D:10)
  A yaktaur captain (D:15)
  A minotaur (Lab)
  A fire dragon (Depths:2)
  2 great orbs of eyes
  2 ice dragons
  Erolcha (Orc:1)
  A rakshasa (Depths:1)
  Erica (Lair:1)
  A ghost crab (Swamp:2)
  18 naga warriors
  A catoblepas (Lair:3)
  23 hydras
  9 anacondas
  A death knight (D:12)
  A merfolk avatar (Lair:6)
  3 centaur warriors
  6 alligators
  4 deep troll earth magi
  7 two-headed ogres
  An ogre mage (Depths:1)
  A deep troll shaman (Depths:2)
  A vampire mage (Depths:1)
  5 thrashing horrors (Abyss:3)
  2 spriggan berserkers (Swamp:4)
  7 shock serpents
  11 naga sharpshooters
  A wretched star (Abyss:3)
  5 spriggans
  2 salamander mystics (Snake:3)
  6 unseen horrors
  2 spriggan druids (Swamp:4)
  10 naga ritualists
  11 swamp dragons
  An unseen horror (shapeshifter) (Depths:1)
  A flayed ghost (Depths:1)
  8 deep trolls
  A wizard (Depths:2)
  An orc knight (D:13)
  3 sea snakes (Lair:6)
  A lindwurm (D:13)
  Pikel (D:6)
  10 mana vipers
  2 wolf spider zombies (D:14)
  A deep elf mage (D:13)
  4 cyclopes
  2 orc sorcerers (Orc:2)
  A wolf spider (D:13)
  2 manticores
  An oklob plant (Lair:6)
  8 ugly things
  17 elephants
  18 salamanders
  8 guardian serpents
  A guardian serpent (shapeshifter) (D:13)
  Joseph (D:10)
  31 black mambas
  A centaur zombie (D:14)
  2 ice statues (IceCv)
  27 naga magi
  17 spiny frogs
  3 centaur skeletons
  3 smoke demons
  A spiny frog (shapeshifter) (D:13)
  A kobold demonologist (D:15)
  2 gargoyles
  10 yaktaurs
  5 rime drakes
  13 komodo dragons
  5 hellwings (Depths:2)
  An ancient zyme (Abyss:3)
  A redback zombie (D:15)
  A tengu conjurer (D:13)
  13 ice devils (IceCv)
  A merfolk (D:11)
  6 polar bears
  5 trolls
  2 meliai (D:14)
  5 tyrant leeches
  6 hornets
  A harpy zombie (D:14)
  A wind drake (shapeshifter) (D:15)
  15 bog bodies
  A wind drake (Lair:6)
  9 slime creatures
  9 dream sheep (Lair:6)
  6 hippogriffs
  33 blink frogs
  Sigmund (D:2)
  4 water elementals
  7 wraiths
  6 shadows
  42 yaks
  5 wyverns
  4 fire bats (Depths:2)
  6 golden eyes (Abyss:3)
  6 basilisks
  A fire elemental (Lair:6)
  A golden eye (shapeshifter) (Depths:2)
  A large abomination (Abyss:3)
  21 vampire mosquitoes
  4 hungry ghosts
  2 steam dragons
  2 wargs
  13 insubstantial wisps
  17 swamp worms
  2 soldier ants
  44 nagas
  12 water moccasins
  3 acid dragons
  13 porcupines
  4 slaves (D:6)
  3 sky beasts
  A phantom (D:13)
  20 orc warriors
  4 ice beasts
  9 swamp drakes
  9 boggarts
  An eye of draining (D:12)
  A hornet zombie (D:15)
  A small abomination (Abyss:3)
  3 black bears
  11 wolves
  9 ogres
  11 centaurs
  A big kobold (D:10)
  18 crocodiles
  21 bullfrogs
  A gnoll sergeant (D:8)
  4 scorpions
  A troll zombie (D:10)
  A water moccasin skeleton (D:6)
  4 killer bees (D:10)
  8 wights
  A howler monkey (D:4)
  An electric eel (Lair:4)
  7 crimson imps
  2 quasits
  A jelly (D:9)
  21 orc priests
  Crazy Yiuf (D:7)
  4 bullfrog skeletons
  5 hounds
  8 iguanas
  Ijyb (D:5)
  Terence (D:2)
  14 hell rats
  Natasha (thrice) (D:3)
  21 orc wizards
  11 worker ants
  5 ogre zombies (D:10)
  A worker ant zombie (D:5)
  2 howler monkey skeletons (D:10)
  3 gnolls (D:8)
  7 adders
  5 shadow imps
  7 white imps (IceCv)
  6 ufetubi (IceCv)
  An adder zombie (D:5)
  An adder skeleton (D:4)
  4 worms
  6 leopard geckos
  62 orcs
  5 bats
  5 giant cockroaches
  2 gnoll zombies (D:2)
  7 hobgoblins
  12 jackals
  6 kobolds
  6 quokkas
  2 ball pythons
  3 frilled lizards
  10 goblins
  A goblin skeleton (D:10)
  4 goblin zombies (D:10)
  4 hobgoblin zombies (D:10)
  A leopard gecko skeleton (D:4)
  4 orc skeletons (D:10)
  6 orc zombies (D:10)
  2 quokka skeletons
  A quokka zombie (D:9)
  7 rats
  2 fungi
  2 plants
  A starspawn tentacle (Abyss:3)
1178 creatures vanquished.

Vanquished Creatures (collateral kills)
  Rupert (Lair:3)
  2 hydras (Swamp:4)
  A naga warrior (Snake:1)
  An ogre mage (D:15)
  An orc high priest (Orc:2)
  4 naga sharpshooters
  2 orc sorcerers (Orc:2)
  A salamander (Snake:1)
  A guardian serpent (Snake:1)
  A spiny frog (Lair:6)
  A centaur skeleton (D:15)
  A tyrant leech (Swamp:2)
  4 blink frogs (Lair:6)
  6 nagas
  An orc warrior (Orc:2)
  A crimson imp (D:15)
  An orc priest (Orc:2)
  7 orc wizards (Orc:2)
37 creatures vanquished.

Vanquished Creatures (others)
  A swamp drake (Swamp:3)
  2 white imps (IceCv)
  3 ufetubi (IceCv)
  An orc (D:11)
  16 fungi
  31 plants
  4 starspawn tentacles (Abyss:3)
58 creatures vanquished.

Grand Total: 1273 creatures vanquished

Notes
Turn   | Place    | Note
-------+----------+-------------------------------------------
     0 | D:1      | rjrrt the Minotaur Berserker began the quest for the Orb.
     0 | D:1      | Reached XP level 1. HP: 19/19 MP: 0/0
    38 | D:1      | Reached skill level 4 in Axes
    89 | D:1      | Reached XP level 2. HP: 13/26 MP: 1/1
   585 | D:2      | Noticed Terence
   589 | D:2      | Killed Terence
   589 | D:2      | Reached skill level 5 in Axes
   589 | D:2      | Reached XP level 3. HP: 31/31 MP: 2/2
   726 | D:2      | Noticed Sigmund
   733 | D:2      | Killed Sigmund
   733 | D:2      | Reached skill level 7 in Axes
   733 | D:2      | Reached XP level 4. HP: 39/39 MP: 3/3
   733 | D:2      | Reached XP level 5. HP: 45/45 MP: 4/4
  1037 | D:2      | Reached ** piety under Trog
  1054 | D:2      | Found a basalt altar of Yredelemnul.
  1281 | D:3      | Reached skill level 8 in Axes
  1368 | D:3      | Noticed Natasha
  1376 | D:3      | Killed Natasha
  1376 | D:3      | Reached XP level 6. HP: 50/51 MP: 5/5
  1512 | D:3      | Noticed Natasha
  1522 | D:3      | Killed Natasha
  1599 | D:3      | Noticed Natasha
  1602 | D:3      | Killed Natasha
  1803 | D:4      | Reached skill level 9 in Axes
  1853 | D:4      | Found an ancient bone altar of Kikubaaqudgha.
  2025 | D:4      | Found a radiant altar of Vehumet.
  2046 | D:4      | Reached XP level 7. HP: 57/57 MP: 6/6
  2423 | D:4      | Reached *** piety under Trog
  2428 | D:4      | Reached skill level 10 in Axes
  2510 | D:5      | Entered Level 5 of the Dungeon
  2905 | D:5      | Found a staircase to the Ecumenical Temple.
  2980 | D:5      | Found a sacrificial altar of Ru.
  2984 | D:5      | Noticed Ijyb
  2992 | D:5      | Killed Ijyb
  3519 | D:6      | Reached skill level 11 in Axes
  3519 | D:6      | Reached XP level 8. HP: 67/67 MP: 7/7
  3683 | D:6      | Reached **** piety under Trog
  3683 | D:6      | Reached skill level 5 in Fighting
  3973 | D:6      | Noticed Pikel
  3990 | D:6      | Killed Pikel
  3990 | D:6      | Reached skill level 12 in Axes
  3990 | D:6      | Reached skill level 5 in Armour
  3990 | D:6      | Reached XP level 9. HP: 75/75 MP: 8/8
  4150 | D:6      | Noticed a troll
  4156 | D:6      | Killed a troll
  4301 | D:7      | Reached skill level 13 in Axes
  4938 | D:7      | Noticed Prince Ribbit
  5024 | D:7      | Found a runed door.
  5028 | D:7      | Noticed Crazy Yiuf
  5034 | D:7      | Killed Crazy Yiuf
  5078 | D:7      | Found a sparkling altar of Nemelex Xobeh.
  5297 | D:8      | Reached XP level 10. HP: 83/88 MP: 9/9
  5439 | D:8      | Reached skill level 14 in Axes
  5793 | D:8      | Reached ***** piety under Trog
  6263 | D:9      | Found a staircase to the Lair.
  6517 | D:9      | Received a gift from Trog
  6584 | D:9      | Reached skill level 15 in Axes
  6780 | D:9      | Noticed a two-headed ogre
  6797 | D:9      | Killed a two-headed ogre
  6797 | D:9      | Reached XP level 11. HP: 99/99 MP: 10/10
  6932 | D:9      | Noticed a two-headed ogre
  6936 | D:9      | Killed a two-headed ogre
  7029 | Lair:1   | Entered Level 1 of the Lair of Beasts
  7041 | Lair:1   | Reached skill level 10 in Fighting
  7642 | Lair:1   | Noticed Erica
  7671 | Lair:1   | Killed Erica
  7671 | Lair:1   | Reached skill level 16 in Axes
  7671 | Lair:1   | Reached skill level 10 in Armour
  8848 | Lair:2   | Found a staircase to the Snake Pit.
  9311 | Lair:3   | Reached skill level 17 in Axes
  9311 | Lair:3   | Reached XP level 12. HP: 84/110 MP: 11/11
  9371 | Lair:3   | Noticed Sonja
  9372 | Lair:3   | Noticed Sonja
  9372 | Lair:3   | Sonja changed into Sonja the polar bear
  9381 | Lair:3   | Killed Sonja the polar bear
  9773 | Lair:3   | Received a gift from Trog
 10116 | Lair:3   | Noticed Rupert
 10123 | Lair:3   | Killed Rupert
 10134 | Lair:3   | Found a staircase to the Swamp.
 10653 | Lair:3   | Noticed a catoblepas
 10660 | Lair:3   | Killed a catoblepas
 10667 | Lair:3   | Reached skill level 18 in Axes
 10966 | Swamp:1  | Entered Level 1 of the Swamp
 11000 | Lair:4   | Got a translucent platinum amulet
 12398 | Lair:5   | Reached XP level 13. HP: 95/119 MP: 4/12
 13247 | Lair:6   | Entered Level 6 of the Lair of Beasts
 13247 | Lair:6   | Found a staircase to the Slime Pits.
 13247 | Lair:6   | Found a viscous altar of Jiyva.
 13292 | Lair:6   | Received a gift from Trog
 13753 | Lair:6   | Reached skill level 19 in Axes
 14342 | Lair:6   | Paralysed by a hornet for 1 turns
 15282 | Lair:6   | Reached skill level 20 in Axes
 15469 | Lair:6   | Reached XP level 14. HP: 82/130 MP: 4/13
 15477 | Lair:6   | Received a gift from Trog
 16293 | Lair:6   | Identified the amulet of the Wary Blessings {Harm *Contam *Drain rPois rF++ Int+4} (You found it on level 4 of the Lair of Beasts)
 16448 | D:10     | Entered Level 10 of the Dungeon
 16452 | D:10     | Noticed Josephine
 16464 | D:10     | Killed Josephine
 16699 | D:10     | Reached skill level 1 in Evocations
 16731 | D:10     | Found a staircase to the Orcish Mines.
 16959 | D:10     | Noticed Joseph
 16972 | D:10     | Killed Joseph
 17362 | Orc:1    | Entered Level 1 of the Orcish Mines
 17401 | Orc:1    | Found Jugganeo's Jewellery Boutique.
 17446 | Orc:1    | Noticed Erolcha
 17451 | Orc:1    | Killed Erolcha
 17451 | Orc:1    | Received a gift from Trog
 17593 | Orc:2    | Entered Level 2 of the Orcish Mines
 17611 | Orc:2    | Found a staircase to the Elven Halls.
 18284 | Orc:2    | Received a gift from Trog
 18487 | Orc:2    | Found a burning altar of Makhleb.
 18847 | Orc:2    | Found Gobri's Gadget Boutique.
 18847 | Orc:2    | Found Umicar's Jewellery Boutique.
 18848 | Orc:2    | Found Ciedocw's Armour Shop.
 18853 | Orc:2    | Found Umite's Jewellery Shop.
 18869 | Orc:2    | Bought the ring "Ijyt" {rPois EV+6 Str+2 Int+4 SInv} for 1563 gold pieces
 19253 | D:11     | Found Vitatol's General Store.
 19881 | D:12     | Received a gift from Trog
 20967 | D:13     | Reached skill level 21 in Axes
 21395 | D:13     | Gained mutation: Your body sometimes deteriorates upon taking damage. [mutagenic meat]
 21396 | D:13     | Gained mutation: Your spells are a little harder to cast, but a little more powerful. [mutagenic meat]
 21397 | D:13     | Gained mutation: You have large cloven feet. [mutagenic meat]
 21614 | D:13     | Found a gate to the Vaults.
 21685 | D:14     | Gained mutation: Armour fits poorly on your strangely shaped body. [mutagenic meat]
 21687 | D:14     | Gained mutation: You are frail. (-10% HP) [mutagenic meat]
 21738 | D:14     | Reached ****** piety under Trog
 21738 | D:14     | Received a gift from Trog
 21978 | D:14     | Reached XP level 15. HP: 125/125 MP: 5/17
 22200 | D:14     | Reached skill level 15 in Fighting
 22563 | D:15     | Entered Level 15 of the Dungeon
 22575 | D:15     | Reached skill level 15 in Armour
 22910 | D:15     | Received a gift from Trog
 22943 | D:15     | Found a labyrinth entrance.
 22957 | Lab      | Entered a labyrinth
 23906 | Lab      | Got a crude lead ring
 23935 | D:15     | Reached skill level 5 in Evocations
 24097 | D:15     | Found a staircase to the Depths.
 24602 | Snake:1  | Entered Level 1 of the Snake Pit
 25445 | Snake:1  | Reached skill level 22 in Axes
 26113 | Snake:1  | Identified the ring "Lunol" {+Fly rPois Dex+4} (You found it in a labyrinth)
 26173 | Snake:1  | Received a gift from Trog
 28204 | Swamp:1  | Reached XP level 16. HP: 120/135 MP: 6/19
 28449 | Swamp:2  | Noticed a thorn hunter
 28455 | Swamp:2  | Killed a thorn hunter
 28484 | Swamp:2  | Noticed a thorn hunter
 28497 | Swamp:1  | Killed a thorn hunter
 28622 | Swamp:2  | Found a frozen archway.
 28631 | IceCv    | Entered an ice cave
 28967 | IceCv    | Received a gift from Trog
 29300 | IceCv    | Identified a +1 pair of boots of running (You found it in an ice cave)
 29576 | IceCv    | Reached skill level 5 in Dodging
 31157 | Swamp:3  | Reached skill level 23 in Axes
 31249 | Swamp:4  | Entered Level 4 of the Swamp
 31254 | Swamp:4  | Received a gift from Trog
 31669 | Swamp:4  | Noticed Roxanne
 31706 | Swamp:4  | Killed Roxanne
 31707 | Swamp:4  | Identified Roxanne's Handbook of Changing (You took it off Roxanne on level 4 of the Swamp)
 32710 | Swamp:4  | Received a gift from Trog
 32716 | Swamp:4  | Noticed a thorn hunter
 32721 | Swamp:4  | Reached XP level 17. HP: 79/144 MP: 9/20
 33322 | Swamp:4  | Got a decaying rune of Zot
 33699 | Snake:2  | Noticed Aizul
 33715 | Snake:2  | Killed Aizul
 34248 | Snake:2  | Got a translucent iron amulet
 34249 | Snake:2  | Identified the amulet "Zomisti" {Harm *Drain MR++} (You found it on level 2 of the Snake Pit)
 34278 | Snake:2  | Found a glowing golden altar of the Shining One.
 34656 | Snake:3  | Reached skill level 24 in Axes
 34659 | Snake:3  | Received a gift from Trog
 35263 | Snake:4  | Entered Level 4 of the Snake Pit
 35520 | Snake:4  | Received a gift from Trog
 35578 | Snake:4  | Gained mutation: You are partially covered in large bone plates. (SH +4) [mutagenic meat]
 35579 | Snake:4  | Lost mutation: Your body sometimes deteriorates upon taking damage. [mutagenic meat]
 35756 | Snake:4  | Reached XP level 18. HP: 153/153 MP: 22/22
 35852 | Snake:4  | Gained mutation: You have a pair of large horns on your head. [mutagenic meat]
 35853 | Snake:4  | Gained mutation: Your mind is acute. (Int +2) [mutagenic meat]
 35854 | Snake:4  | Gained mutation: Your spells are harder to cast, but more powerful. [mutagenic meat]
 35988 | Snake:4  | Received a gift from Trog
 36058 | Snake:4  | Got a serpentine rune of Zot
 36449 | Depths:1 | Entered Level 1 of the Depths
 36483 | Depths:1 | Paralysed by a great orb of eyes for 7 turns
 36796 | Depths:1 | Found a gateway to Hell.
 36884 | Depths:1 | Reached skill level 10 in Dodging
 36902 | Depths:1 | Lost mutation: You have large cloven feet. [mutagenic meat]
 36909 | Depths:1 | Gained mutation: You are very frail. (-20% HP) [mutagenic meat]
 36910 | Depths:1 | Gained mutation: You have a somewhat thin skeletal structure. (Dex +2, Stealth) [mutagenic meat]
 36911 | Depths:1 | Gained mutation: Your magical capacity is low. (-10% MP) [mutagenic meat]
 37366 | Depths:1 | Found a gateway to a ziggurat.
 37500 | Depths:2 | Lost mutation: Your spells are harder to cast, but more powerful. [mutagenic meat]
 37501 | Depths:2 | Gained mutation: You occasionally shout uncontrollably at your foes. [mutagenic meat]
 37728 | Depths:1 | Reached skill level 25 in Axes
 38020 | Depths:2 | Cast into level 3 of the Abyss (a wizard)
 38445 | Depths:2 | Escaped the Abyss
 38926 | Depths:2 | Found Azamm's Gadget Shoppe.
 38999 | Depths:2 | Reached XP level 19. HP: 115/143 MP: 21/21
 39010 | Depths:2 | Received a gift from Trog
 39017 | Depths:2 | Killed from afar by a fire giant

Vault maps used:
D:1:      wheals_arrival_shading, hangedman_abyss_or_decor_lesser_grid,
          nrook_loot_triangle
D:2:      lemuel_zombie_altar_yredelemnul, uniq_sigmund, uniq_terence
D:3:      tgw_xom, first_bread, uniq_natasha
D:4:      fiery_altar_vehumet, kennysheep_mini
D:5:      lemuel_crystal_altar, temple_pool_b, uniq_ijyb
D:6:      uniq_pikel
D:7:      lemuel_coloured_pillars_altar, uniq_prince_ribbit1,
          uniq_crazy_yiuf_cottage
D:9:      minmay_lair_entry_grove, special_room
D:10:     zombieorc1_lemuel, minmay_misc_feat_square, uniq_joseph,
          uniq_josephine
D:11:     serial_shops, shop, hangedman_fish_farm
D:13:     david_vaults_4
D:14:     minmay_misc_feat_five
D:15:     grunt_enter_depths_snipers, lab_entry_generic
Lair:1:   grunt_megastairs_4, uniq_erica
Lair:2:   dummy_snake_entry, grunt_megastairs_1
Lair:3:   swamp_mist, nzn_random_ring, lemuel_fruit_fields,
          infiniplex_staircase_pool_2, uniq_rupert, uniq_sonja
Lair:4:   gammafunk_lair_bear_cave, serial_bayou_shore_b
Lair:5:   grunt_megastairs_2, serial_bayou_shore_b
Lair:6:   gammafunk_lair_ancient_temple, slime_altar_1
Swamp:1:  hangedman_swamp_lotus, swamp_pool1
Swamp:2:  portal_ice_cave_entry_dragon, evilmike_swamp_ruin_rubble_2,
          swamp_pool2
Swamp:3:  serial_swamp_ruin, evilmike_swamp_ruin_rubble_1,
          evilmike_swamp_ruin_house_2, infiniplex_staircase_pool
Swamp:4:  swamp_basic_johnstein, uniq_roxanne
Snake:1:  lemuel_fruit_tree
Snake:2:  basic_altar, grunt_ministairs_6, uniq_aizul
Snake:3:  grunt_ministairs_7
Snake:4:  snake_pit, serial_bayou_shore_b
Orc:1:    serial_shops, shop, uniq_erolcha
Orc:2:    st_orc_mages, basic_altar, mines2_lemuel
Depths:1: enter_ziggurat_a, hell_entry, serial_bayou_pond_c,
          kennysheep_nondescript, kennysheep_generic_room_6
Depths:2: kennysheep_demon_jail, serial_shops, shop, hellmouth_3,
          hangedman_abyss_entry_splay, minmay_staircase_windowed_small,
          serial_bayou_shore_b
Abyss:3:  doesnt_abyss_rune_brain_food
Lab:      labyrinth_green, labyrinth_glass_1
IceCv:    ice_cave_small_demon

Skill      XL: |  1  2  3  4  5  6  7  8  9 10 11 12 13 14 15 16 17 18 |
---------------+-------------------------------------------------------+-----
Axes           | 4 5 7 8 9 11 12 13 15 17 18 20 21 22 23 24 25 | 25.2
Fighting       | 4 6 8 9 11 12 13 14 15 16 17 18 | 18.3
Armour         | 3 5 7 9 10 12 13 14 15 16 17 18 | 18.2
Evocations     | 4 6 7 8 |  8.5
Dodging        | 3 7 9 10 | 10.7

Action                   |  1- 3 |  4- 6 |  7- 9 | 10-12 | 13-15 | 16-18 | 19-21 || total
-------------------------+-------+-------+-------+-------+-------+-------+-------++-------
Melee: Hand axe          |    55 |    57 |       |       |       |       |       ||   112
       Headbutt          |    11 |    14 |    33 |    89 |   245 |   298 |     6 ||   696
       War axe           |       |    32 |   222 |   368 |    36 |    99 |       ||   757
       Unarmed           |       |       |     6 |       |       |       |       ||     6
       Battleaxe         |       |       |       |   164 |   978 |   605 |    11 ||  1758
       Executioner's axe |       |       |       |       |    84 |   333 |       ||   417
       Kick              |       |       |       |       |   135 |    38 |       ||   173
Throw: Tomahawk          |       |       |     3 |       |     2 |       |       ||     5
Invok: Berserk           |     3 |       |     4 |     3 |    10 |     8 |       ||    28
       Burn Spellbooks   |       |       |       |     1 |     4 |     3 |       ||     8
       Brothers in Arms  |       |       |       |     1 |     7 |     3 |       ||    11
       Trog's Hand       |       |       |       |     1 |     2 |     2 |       ||     5
Evoke: Wand              |       |       |       |     1 |     6 |     2 |       ||     9
  Use: Scroll            |       |       |    17 |     9 |    17 |     9 |       ||    52
       Potion            |       |       |       |       |     2 |     3 |       ||     5
 Stab: Confused          |       |       |     2 |       |       |       |       ||     2
  Eat: Chunk             |    15 |     5 |    14 |    26 |    69 |    67 |       ||   196
       Fruit             |       |       |       |       |     9 |     7 |       ||    16
Armor: Animal skin       |     4 |       |       |       |       |       |       ||     4
       Chain mail        |     9 |       |       |       |       |       |       ||     9
       Scale mail        |     9 |    36 |    38 |       |       |       |       ||    83
       Plate armour      |       |       |    61 |   339 |   574 |   541 |    14 ||  1529
       Ice dragon scales |       |       |       |       |       |     1 |       ||     1
Dodge: Dodged            |    29 |    47 |    74 |   193 |   561 |  1027 |    32 ||  1963
       Deflected         |       |       |       |       |     1 |    79 |       ||    80
Block: Other             |       |       |       |       |       |    72 |     7 ||    79

Table legend:
 A = Spawn XP
 B = Non-spawn XP
 C = Spawn XP percentage of total XP
 D = Spawn monster count
 E = Non-spawn monster count
 F = Spawn count percentage of total count
 G = Total turns spent on level
                    A         B        C        D         E        F      G
               +---------+---------+-------+---------+---------+-------+---------
         Total |   16603 |  363436 |   4.4 |      28 |    1179 |   2.3 | 39017
               +---------+---------+-------+---------+---------+-------+---------
           D:1 |       0 |      28 |   0.0 |       0 |      18 |   0.0 |   566
           D:2 |       0 |     303 |   0.0 |       0 |      20 |   0.0 |   660
           D:3 |       0 |     165 |   0.0 |       0 |      16 |   0.0 |   501
           D:4 |       0 |     436 |   0.0 |       0 |      22 |   0.0 |   783
           D:5 |       0 |     360 |   0.0 |       0 |      24 |   0.0 |   983
           D:6 |       0 |    2168 |   0.0 |       0 |      24 |   0.0 |   775
           D:7 |       0 |    1557 |   0.0 |       0 |      12 |   0.0 |   930
           D:8 |       0 |    1349 |   0.0 |       0 |      25 |   0.0 |   820
           D:9 |       0 |    6278 |   0.0 |       0 |      50 |   0.0 |  1048
          D:10 |       0 |    4849 |   0.0 |       0 |      60 |   0.0 |   968
          D:11 |       0 |    2894 |   0.0 |       0 |      26 |   0.0 |   721
          D:12 |       0 |    4451 |   0.0 |       0 |      18 |   0.0 |  1146
          D:13 |       0 |    8677 |   0.0 |       0 |      29 |   0.0 |   750
          D:14 |       0 |   11957 |   0.0 |       0 |      36 |   0.0 |  1230
          D:15 |       0 |   13852 |   0.0 |       0 |      35 |   0.0 |   671
        Lair:1 |       0 |    4347 |   0.0 |       0 |      19 |   0.0 |  1387
        Lair:2 |       0 |    2424 |   0.0 |       0 |      13 |   0.0 |  1318
        Lair:3 |       0 |   11570 |   0.0 |       0 |      44 |   0.0 |  1913
        Lair:4 |       0 |    5999 |   0.0 |       0 |      31 |   0.0 |  1308
        Lair:5 |       0 |    3607 |   0.0 |       0 |      13 |   0.0 |  1534
        Lair:6 |       0 |   29040 |   0.0 |       0 |      94 |   0.0 |  2526
       Swamp:1 |       0 |    9774 |   0.0 |       0 |      24 |   0.0 |   921
       Swamp:2 |       0 |   14574 |   0.0 |       0 |      29 |   0.0 |   777
       Swamp:3 |       0 |   10210 |   0.0 |       0 |      31 |   0.0 |   916
       Swamp:4 |       0 |   36603 |   0.0 |       0 |      68 |   0.0 |  2244
       Snake:1 |       0 |   22076 |   0.0 |       0 |      45 |   0.0 |  2675
       Snake:2 |       0 |   21562 |   0.0 |       0 |      39 |   0.0 |   877
       Snake:3 |       0 |   28698 |   0.0 |       0 |      53 |   0.0 |   790
       Snake:4 |       0 |   36316 |   0.0 |       0 |      65 |   0.0 |   968
         Orc:1 |       0 |    1416 |   0.0 |       0 |       6 |   0.0 |   478
         Orc:2 |       0 |    6305 |   0.0 |       0 |      86 |   0.0 |  1243
      Depths:1 |       0 |   34118 |   0.0 |       0 |      41 |   0.0 |  1956
      Depths:2 |       0 |   17905 |   0.0 |       0 |      33 |   0.0 |   187
       Abyss:3 |   16603 |       0 | 100.0 |      28 |       0 | 100.0 |   425
           Lab |       0 |    1045 |   0.0 |       0 |       1 |   0.0 |   952
         IceCv |       0 |    6523 |   0.0 |       0 |      29 |   0.0 |  1070
               +---------+---------+-------+---------+---------+-------+---------
